 Dungeon Crawl Stone Soup version 0.26.1-2-gb8aa6d0cf2 (console) character file.

Game seed: 12392374908151942869

28 Asser the Insei (level 3, -1/26 HPs)
             Began as a Demonspawn Transmuter on Feb 20, 2021.
             Slain by a hobgoblin (7 damage)
             ... led by Robin
             ... on level 2 of the Dungeon.
             The game lasted 00:09:09 (840 turns).

Asser the Insei (Demonspawn Transmuter)              Turns: 840, Time: 00:09:10

Health: -1/26      AC:  3    Str: 11    XL:     3   Next: 0%
Magic:  15/15      EV: 13    Int: 14    God:
Gold:   77         SH:  3    Dex: 13    Spells: 5/6 levels left

rFire    . . .     SeeInvis .   d - +0 short sword
rCold    . . .     Faith    .   b - +0 buckler
rNeg     . . .     Spirit   .   h - +0 leather armour
rPois    .         Reflect  .   (no helmet)
rElec    .         Harm     .   c - scarf {repulsion}
rCorr    .         Rampage  .   (no gloves)
Will     .....                  (no boots)
Stlth    +.........             (no amulet)
HPRegen  0.08/turn              e - ring of magical power
MPRegen  0.14/turn              (no ring)

@: repel missiles
A: repulsion field 1
a: no special abilities


You were on level 2 of the Dungeon.
You visited 1 branch of the dungeon, and saw 2 of its levels.

You collected 77 gold pieces.

Inventory:

Hand Weapons
 d - a +0 short sword (weapon)
Missiles
 g - 18 stones (quivered)
Armour
 a - a +0 robe
 b - a +0 buckler (worn)
 c - a scarf of repulsion (worn)
 h - a +0 leather armour (worn)
Jewellery
 e - a ring of magical power (left hand)
Scrolls
 f - a scroll of teleportation {unknown}
 i - a scroll of enchant weapon {unknown}


   Skills:
 + Level 1.0 Fighting
 + Level 1.9 Dodging
 + Level 3.3 Unarmed Combat
 + Level 2.1 Spellcasting
 + Level 2.2 Transmutations


You had 5 spell levels left.
You knew the following spells:

 Your Spells              Type           Power        Failure   Level
a - Beastly Appendage     Tmut           14%          21%         1

Your spell library contained the following spells:

 Spells                   Type           Power        Failure   Level
 Wereblood                Tmut           7%           30%         2
 Spider Form              Tmut/Pois      2%           69%         3
 Ice Form                 Ice/Tmut       4%           97%         4
 Blade Hands              Tmut           3%           99%         5


Dungeon Overview and Level Annotations

Branches:
Dungeon (2/15)

Altars:

Annotations:
D:2 Robin


Innate Abilities, Weirdness & Mutations

You are surrounded by a mild repulsion field. (EV +2)


Message History

The hobgoblin misses you.
The goblin shouts!
You hit the hobgoblin.
The hobgoblin is heavily wounded.
You block the hobgoblin's attack.
Robin says, "My goblins will feast on your bones."
You hit the hobgoblin.
The hobgoblin is almost dead.
The hobgoblin hits you.
Robin says, "Bow before me, strongest of all the hobgoblins!"
Robin throws the goblin at you! The goblin hits you with a +0 club.
You barely miss the goblin. The hobgoblin hits you.
Robin roars a battlecry!
The goblins go into a battle-frenzy!
The goblin hits you with a +0 club.
You closely miss the goblin. The hobgoblin hits you.
The goblin hits you with a +0 club. The hobgoblin hits you.
* * * LOW HITPOINT WARNING * * *
You barely miss the goblin. The goblin misses you. The hobgoblin hits you!
You die...

##################
.....gggg@g.....>#####
......gg####.###(....#
.....gg.# #.#
#.###.##### .....g..#
#.###......)..#
........#
#.#..(..#...#.#
........#
#.#.#.......#.#
#########
#.#.#..#....#.# #.#
#....#..#.#
#.......#.#


You could see Robin, 3 hobgoblins and 6 goblins.

Vanquished Creatures
  2 oozes (D:1)
  A leopard gecko (D:1)
  2 giant cockroaches
  2 goblins (D:1)
  3 hobgoblins (D:1)
  4 kobolds
  A ball python (D:1)
  A bat (D:1)
  A frilled lizard (D:2)
  A rat (D:1)
18 creatures vanquished.

Notes
Turn   | Place    | Note
-------+----------+-------------------------------------------
     0 | D:1      | Asser the Demonspawn Transmuter began the quest for the
                  | Orb.
     0 | D:1      | Reached XP level 1. HP: 15/15 MP: 3/3
    85 | D:1      | Reached skill level 3 in Unarmed Combat
   122 | D:1      | Gained mutation: You are surrounded by a mild repulsion
                  | field. (EV +2) [demonic ancestry]
   122 | D:1      | Reached XP level 2. HP: 11/21 MP: 0/5
   824 | D:2      | Reached XP level 3. HP: 25/26 MP: 6/6
   831 | D:2      | Noticed Robin
   840 | D:2      | Slain by a hobgoblin

Illustrated notes

Levels and vault maps discovered:
D:1:      saegor_arrival_miasma, layout_rooms
D:2:      layout_basic, good_gods_mini_temple, lemuel_doored_altar, uniq_robin

Skill      XL: |  1  2 |
---------------+-------+-----
Unarmed Combat | 3 |  3.3
Transmutations | 2 |  2.2
Fighting       | |  1.0
Dodging        | |  1.9
Spellcasting   | |  2.1

Action                   || total
-------------------------++-------
Melee: Unarmed           ||    43
       Headbutt          ||     4
       Short sword       ||    27
Throw: Stone             ||     1
 Cast: Beastly Appendage ||    13
Armor: Robe              ||     2
Dodge: Dodged            ||    51
Block: Buckler           ||    15
